 Dungeon Crawl Stone Soup version 0.27.1 (webtiles) character file.

Game seed: 14691583682869919055

172 BOMJPIETVODKU the Digger (level 5, -3/37 HPs)
             Began as a Gnoll Earth Elementalist on Aug 29, 2021.
             Slain by a scorpion (6 damage)
             ... on level 3 of the Dungeon.
             The game lasted 00:05:16 (2881 turns).

BOMJPIETVODKU the Digger (Gnoll Earth Elementalist) Turns: 2881, Time: 00:05:17

Health: -3/37      AC:  4    Str:  8    XL:     5   Next: 53%
Magic:  12/12      EV: 13    Int: 15    God:
Gold:   135        SH:  0    Dex: 12    Spells: 13/14 levels left

rFire    . . .     SeeInvis .   d - +0 dagger
rCold    + . .     Faith    .   (no shield)
rNeg     . . .     Spirit   .   b - +0 robe
rPois    .         Reflect  .   (no helmet)
rElec    .         Harm     .   (no cloak)
rCorr    .         Rampage  .   a - +0 pair of gloves
Will     .....                  g - +0 pair of boots
Stlth    ++........             (no amulet)
HPRegen  0.12/turn              f - ring of protection from cold
MPRegen  0.13/turn              (no ring)

@: very slow
A: fangs 1, strong nose, distributed training
a: no special abilities


You were on level 3 of the Dungeon.
You visited 1 branch of the dungeon, and saw 4 of its levels.

You collected 135 gold pieces.

Inventory:

Hand Weapons
 d - a +0 dagger (weapon)
Armour
 a - a +0 pair of gloves (worn)
 b - a +0 robe (worn)
 g - a +0 pair of boots (worn)
Jewellery
 f - a ring of protection from cold (left hand)
Wands
 j - a wand of iceblast (8)
 n - a wand of digging (5)
Scrolls
 e - 3 scrolls of noise {unknown}
 h - a scroll of enchant armour {unknown}
 i - a scroll of fog {unknown}
 l - 2 scrolls of vulnerability {unknown}
 m - a scroll of amnesia {unknown}
Potions
 k - 2 potions of invisibility {unknown}


   Skills:
 + Level 1.5 Fighting
 + Level 1.5 Short Blades
 + Level 1.5 Long Blades
 + Level 1.5 Axes
 + Level 1.5 Maces & Flails
 + Level 1.5 Polearms
 + Level 1.5 Staves
 + Level 1.5 Slings
 + Level 1.5 Bows
 + Level 1.5 Crossbows
 + Level 1.5 Throwing
 + Level 1.5 Armour
 + Level 4.8 Dodging
 + Level 4.4 Stealth
 + Level 1.5 Shields
 + Level 1.5 Unarmed Combat
 + Level 5.2 Spellcasting
 + Level 1.2 Conjurations
 + Level 1.2 Hexes
 + Level 1.2 Summonings
 + Level 1.2 Necromancy
 + Level 1.2 Translocations
 + Level 2.4 Transmutations
 + Level 1.2 Fire Magic
 + Level 1.2 Ice Magic
 + Level 1.2 Air Magic
 + Level 5.5 Earth Magic
 + Level 1.2 Poison Magic
 + Level 1.7 Invocations
 + Level 1.5 Evocations


You had 13 spell levels left.
You knew the following spells:

 Your Spells              Type           Power      Damage    Failure   Level
a - Sandblast             Erth           40%        2d10      1%          1

Your spell library contained the following spells:

 Spells                   Type           Power      Damage    Failure   Level
 Passwall                 Tmut/Erth      12%        N/A       4%          2
 Stone Arrow              Conj/Erth      28%        3d8       12%         3
 Petrify                  Tmut/Erth      15%        N/A       30%         4


Dungeon Overview and Level Annotations

Branches:
Dungeon (4/15)
 Temple: D:4-7

Altars:
Sif Muna
The Shining One


Innate Abilities, Weirdness & Mutations

You have very sharp teeth.
Your uncanny sense of smell can sniff out nearby items.
Your experience applies equally to all skills.


Message History

You don't have any stones to cast with.
You feel very sick.
You feel sick.
You feel sick. The scorpion closely misses you.
You feel sick.
You feel sick.
You feel sick.
You feel sick.
You feel sick.
You are no longer poisoned.
The orc completely misses the plant.
The scorpion closely misses you.
There is a stone staircase leading down here.
You can't go up here!
The scorpion misses you.
You climb downwards.
Found an emerald potion.
There is a stone staircase leading up here.
The scorpion stings you.
* * * LOW HITPOINT WARNING * * *
The scorpion misses you.
You climb upwards.
There is a stone staircase leading down here.
The orc hits you with a +0 flail.
* * * LOW HITPOINT WARNING * * *
The scorpion misses you. The scorpion stings you.
* * * LOW HITPOINT WARNING * * *
You enter the shallow water.
Moving in this stuff is going to be slow.
An orc comes into view. It is wielding a +0 hand axe.
The orc shouts!
The scorpion closely misses you.
You enter the shallow water.
Moving in this stuff is going to be slow.
The scorpion barely misses you.
You enter the shallow water.
Moving in this stuff is going to be slow.
The scorpion stings you.
You die...

####### ##...#.########.
##..#≈.♣.....o...
#≈..#.≈≈.≈≈#####
#≈≈≈#≈≈♣.≈≈....#.#
##.≈≈.oo≈≈≈≈......#
#..≈♣≈o#.≈........#
##.##.≈≈so...≈...###..#
.......@≈o≈≈≈.♣≈## ..#
####.#.#.≈≈≈.≈..# ##
....#≈##≈≈..≈..# ########
#..........≈..# .......#
#...###.....#.#
#......#####...##......#.#
.......##..............#.#
.......''......†...[.>...#
P......##.....###......###


You could see a scorpion and 5 orcs.

Vanquished Creatures
  An orc wizard (D:2)
  4 gnolls (D:3)
  4 adders
  A worm (D:3)
  3 orcs
  3 ball pythons
  5 bats
  7 endoplasms
  2 giant cockroaches
  6 goblins
  10 hobgoblins
  2 jackals (D:1)
  6 kobolds
  2 quokkas
  4 frilled lizards
  3 rats (D:2)
63 creatures vanquished.

Vanquished Creatures (others)
  10 plants (D:3)
10 creatures vanquished.

Grand Total: 73 creatures vanquished

Notes
Turn   | Place    | Note
-------+----------+-------------------------------------------
     0 | D:1      | BOMJPIETVODKU the Gnoll Earth Elementalist began the quest
                  | for the Orb.
     0 | D:1      | Reached XP level 1. HP: 13/13 MP: 6/6
   232 | D:1      | Reached XP level 2. HP: 10/19 MP: 0/7
   641 | D:1      | Reached XP level 3. HP: 25/25 MP: 7/9
   687 | D:1      | Reached skill level 5 in Spellcasting
  1191 | D:2      | Reached skill level 1 in Invocations
  1490 | D:2      | Reached skill level 1 in Fighting
  1490 | D:2      | Reached skill level 1 in Short Blades
  1490 | D:2      | Reached skill level 1 in Long Blades
  1490 | D:2      | Reached skill level 1 in Axes
  1490 | D:2      | Reached skill level 1 in Maces & Flails
  1490 | D:2      | Reached skill level 1 in Polearms
  1490 | D:2      | Reached skill level 1 in Staves
  1490 | D:2      | Reached skill level 1 in Slings
  1490 | D:2      | Reached skill level 1 in Bows
  1490 | D:2      | Reached skill level 1 in Crossbows
  1490 | D:2      | Reached skill level 1 in Throwing
  1490 | D:2      | Reached skill level 1 in Armour
  1490 | D:2      | Reached skill level 1 in Shields
  1490 | D:2      | Reached skill level 1 in Unarmed Combat
  1490 | D:2      | Reached skill level 1 in Evocations
  1605 | D:2      | Found a faded altar of an unknown god.
  1895 | D:2      | Reached XP level 4. HP: 32/32 MP: 8/11
  2263 | D:2      | Reached skill level 1 in Conjurations
  2263 | D:2      | Reached skill level 1 in Hexes
  2263 | D:2      | Reached skill level 1 in Summonings
  2263 | D:2      | Reached skill level 1 in Necromancy
  2263 | D:2      | Reached skill level 1 in Translocations
  2263 | D:2      | Reached skill level 1 in Fire Magic
  2263 | D:2      | Reached skill level 1 in Ice Magic
  2263 | D:2      | Reached skill level 1 in Air Magic
  2263 | D:2      | Reached skill level 1 in Poison Magic
  2430 | D:3      | Found a shimmering blue altar of Sif Muna.
  2479 | D:3      | Reached XP level 5. HP: 34/37 MP: 8/12
  2786 | D:3      | Found a glowing golden altar of the Shining One.
  2868 | D:3      | HP: 1/37 [scorpion (2)]
  2881 | D:3      | Slain by a scorpion

Illustrated notes

Levels and vault maps discovered:
D:1:      dpeg_arrival_tiny_c, layout_basic, minmay_small_reverse_x
D:2:      layout_basic, shapermc_ecumenical_altar_totnotflames
D:3:      layout_basic, mainiacjoe_overflow_alcove_1,
          mainiacjoe_overflow_catch_the_wave, serial_bayou_pond_b,
          hangedman_decor_points, chequers_serial_rivers_marsh, roderic_batcave,
          kennysheep_generic_room_14
D:4:      layout_loops_ring, uniq_menkaure, uniq_grinder

Skill      XL: |  1  2  3  4 |
---------------+-------------+-----
Transmutations | 2 |  2.4
Spellcasting   | 5 |  5.2
Invocations    | 1 |  1.7
Fighting       | 1 |  1.5
Short Blades   | 1 |  1.5
Long Blades    | 1 |  1.5
Axes           | 1 |  1.5
Maces & Flails | 1 |  1.5
Polearms       | 1 |  1.5
Staves         | 1 |  1.5
Slings         | 1 |  1.5
Bows           | 1 |  1.5
Crossbows      | 1 |  1.5
Throwing       | 1 |  1.5
Armour         | 1 |  1.5
Shields        | 1 |  1.5
Unarmed Combat | 1 |  1.5
Evocations     | 1 |  1.5
Conjurations   | 1 |  1.2
Hexes          | 1 |  1.2
Summonings     | 1 |  1.2
Necromancy     | 1 |  1.2
Translocations | 1 |  1.2
Fire Magic     | 1 |  1.2
Ice Magic      | 1 |  1.2
Air Magic      | 1 |  1.2
Poison Magic   | 1 |  1.2
Dodging        | |  4.8
Stealth        | |  4.4
Earth Magic    | |  5.5

Action                   |  1- 3 |  4- 6 || total
-------------------------+-------+-------++-------
Melee: Unarmed           |     8 |       ||     8
       Dagger            |    46 |    27 ||    73
       Bite              |     3 |     2 ||     5
 Cast: Sandblast         |    44 |    32 ||    76
 Stab: Sleeping          |     8 |     4 ||    12
Armor: Robe              |    20 |     1 ||    21
Dodge: Dodged            |    31 |    31 ||    62
